Workbook

Sheet BAP
A1: Code | B1: ELEM1 | C1: ELEM2 | D1: Délimiteur | E1: 1 | F1: 2 | G1: 3
A2: <BASE_2020> | B2: BASE | C2: 2020 | D2: _ | E2: Basis Oktober 2020 = 100 | F2: Base octobre 2020 = 100 | G2: Base ottobre 2020 = 100
A3: <CFC_0> | B3: CFC | C3: 0 | D3: _ | E3: Grundstück | F3: Terrain | G3: Fondo
A4: <CFC_1> | B4: CFC | C4: 1 | D4: _ | E4: Vorbereitungsarbeiten | F4: Travaux préparatoires | G4: Lavori preparatori
A5: <CFC_2> | B5: CFC | C5: 2 | D5: _ | E5: Gebäude | F5: Bâtiment | G5: Edificio
A6: <CFC_3> | B6: CFC | C6: 3 | D6: _ | E6: Betriebseinrichtungen | F6: Equipements d’exploitation | G6: Attrezzature di esercizio
A7: <CFC_4> | B7: CFC | C7: 4 | D7: _ | E7: Umgebung | F7: Aménagements extérieurs | G7: Lavori esterni
A8: <CFC_5> | B8: CFC | C8: 5 | D8: _ | E8: Baunebenkosten | F8: Frais secondaires | G8: Costi secondari
A9: <CFC_6> | B9: CFC | C9: 6 | D9: _ | E9: Reserve | F9: Réserve | G9: Riserva
A10: <CFC_7> | B10: CFC | C10: 7 | D10: _ | E10: Reserve | F10: Réserve | G10: Riserva
A11: <CFC_8> | B11: CFC | C11: 8 | D11: _ | E11: Reserve | F11: Réserve | G11: Riserva
A12: <CFC_9> | B12: CFC | C12: 9 | D12: _ | E12: Ausstattung | F12: Ameublement et décoration | G12: Arredo
... A1981: <cc-05.05.05_Pied_Table_4> | B1981: cc-05.05.05 | C1981: Pied_Table_4 | D1981: _ | E1981: * Schweizerischer Baupreisindex, Teilindex Hochbau, Wert für die Schweiz insgesamt, inklusive Mehrwertsteuer | F1981: * Indice suisse des prix de la construction, indice partiel "Bâtiment", valeur pour la Suisse entière, y compris la TVA | G1981: * Indice svizzero dei prezzi della costruzione, indice parziale "Edilizia", valore per la Svizzera intera, TVA inclusa

Sheet BAP_PCO
H1: Somme de Prix_Moyen_Suisse | I1: Somme de Prix_Moyen_Leman | J1: Somme de Prix_Moyen_Mitteland | K1: Somme de Prix_Moyen_Nord-Ouest | L1: Somme de Prix_Moyen_Zurich | M1: Somme de Prix_Moyen_Orientale | N1: Somme de Prix_Moyen_Centrale | O1: Somme de Prix_Moyen_Tessin
D2: <EP_Titre> | F2: <Menge_Titre> | G2: <Einheit_Titre> | H2: <REG_01> | I2: <REG_02> | J2: <REG_03> | K2: <REG_04> | L2: <REG_05> | M2: <REG_06> | N2: <REG_07> | O2: <REG_08>
B3: <cc-05.05.02_TItre> | C3: <Date_Mois_Avril> | D3: =INDEX(Tableau1[#All],MATCH(BAP_PCO!B3,Tableau1[[#All],[Code]],0),MATCH(TEXT($P$3,0),Tableau1[#Headers],0)) -> Schweizerischer Baupreisindex - Durchschnittliche Einheitspreise in der Schweiz und in den Grossregionen | I3: =INDEX(Tableau1[#All],MATCH(BAP_PCO!C3,Tableau1[[#All],[Code]],0),MATCH(TEXT($P$3,0),Tableau1[#Headers],0))&" "&"2025" -> April 2025 | P3: 1
Q4: Sprache / Langue / Lingua
B5: <cc-05.05.02_Averstissement> | D5: =INDEX(Tableau1[#All],MATCH(BAP_PCO!B5,Tableau1[[#All],[Code]],0),MATCH(TEXT($P$3,0),Tableau1[#Headers],0)) -> Erleuterungen zu den duchschnittlichen Einheitspreisen auf dieser Tabelle: Die Durchschnittspreise sind ein regionaler Mittelwert von zum teil sehr ausgedehnte Grossregionenn (z.B. die Grossregion Espace Mittelland umfasst die Kantone BE, FR, SO, NE, JU). Auf Grund der Lage kann der einzelne Durchschnittpreis grosse positiv oder negativ Unterschiede aufweisen. Die Durchschnittspreise sind für die angegeben Arbeiten und Mengen gültig. Für Kleinaufträge mit Kleinmengen können grössere positive Abweichungen vorkommen. Die aufgeführten Beschreibungen sind Stichworte zu den NPK Positionen. Die kompletten Beschreibungen zu jeder Position finden Sie beim CRB ( Schweizerische Zentralstelle für Baurationalisierung ) unter www.crb.ch
D10: =INDEX(Tableau1[#All],MATCH(BAP_PCO!D2,Tableau1[[#All],[Code]],0),MATCH(TEXT($P$3,0),Tableau1[#Headers],0)) -> NPK Position | F10: =INDEX(Tableau1[#All],MATCH(BAP_PCO!F2,Tableau1[[#All],[Code]],0),MATCH(TEXT($P$3,0),Tableau1[#Headers],0)) -> Menge | G10: =INDEX(Tableau1[#All],MATCH(BAP_PCO!G2,Tableau1[[#All],[Code]],0),MATCH(TEXT($P$3,0),Tableau1[#Headers],0)) -> Einheit | H10: =INDEX(Tableau1[#All],MATCH(BAP_PCO!H2,Tableau1[[#All],[Code]],0),MATCH(TEXT($P$3,0),Tableau1[#Headers],0)) -> Schweiz | I10: =INDEX(Tableau1[#All],MATCH(BAP_PCO!I2,Tableau1[[#All],[Code]],0),MATCH(TEXT($P$3,0),Tableau1[#Headers],0)) -> Genferseeregion (VD,VS,GE) | J10: =INDEX(Tableau1[#All],MATCH(BAP_PCO!J2,Tableau1[[#All],[Code]],0),MATCH(TEXT($P$3,0),Tableau1[#Headers],0)) -> Espace Mittelland (BE, FR, SO, NE, JU) | K10: =INDEX(Tableau1[#All],MATCH(BAP_PCO!K2,Tableau1[[#All],[Code]],0),MATCH(TEXT($P$3,0),Tableau1[#Headers],0)) -> Nordwestschweiz (BS, BL, AG) | L10: =INDEX(Tableau1[#All],MATCH(BAP_PCO!L2,Tableau1[[#All],[Code]],0),MATCH(TEXT($P$3,0),Tableau1[#Headers],0)) -> Zürich (ZH) | M10: =INDEX(Tableau1[#All],MATCH(BAP_PCO!M2,Tableau1[[#All],[Code]],0),MATCH(TEXT($P$3,0),Tableau1[#Headers],0)) -> Ostschweiz (GL, SH, AR, AI, SG, GR, TG) | ... O10: =INDEX(Tableau1[#All],MATCH(BAP_PCO!O2,Tableau1[[#All],[Code]],0),MATCH(TEXT($P$3,0),Tableau1[#Headers],0)) -> Tessin (TI)
B11: <Branche_1> | D11: =INDEX(Tableau1[#All],MATCH(BAP_PCO!B11,Tableau1[[#All],[Code]],0),MATCH(TEXT($P$3,0),Tableau1[#Headers],0)) -> 1 Erdarbeiten
A12: 101232 | B12: <EPLONG_211.111.111> | C12: <Einheit_m3> | D12: '211.111.111 | E12: =INDEX(Tableau1[#All],MATCH(BAP_PCO!B12,Tableau1[[#All],[Code]],0),MATCH(TEXT($P$3,0),Tableau1[#Headers],0)) -> Oberboden maschinell abtragen. Flächen horizontal oder mit Neigung bis 1:4. Volumen fest. Inkl. direkter Auflad auf Transportmittel oder seitlicher Lagerung. Schichtdicke bis m 0,20 | F12: 100 | G12: =INDEX(Tableau1[#All],MATCH(BAP_PCO!C12,Tableau1[[#All],[Code]],0),MATCH(TEXT($P$3,0),Tableau1[#Headers],0)) -> m3 | H12: 7.82 | I12: 12.02 | J12: 6.88 | K12: 5.13 | L12: 7.13 | M12: 6.01 | N12: 6.38 | O12: 10.3
A13: 101234 | B13: <EPLONG_211.211.101> | C13: <Einheit_m3> | D13: '211.211.101 | E13: =INDEX(Tableau1[#All],MATCH(BAP_PCO!B13,Tableau1[[#All],[Code]],0),MATCH(TEXT($P$3,0),Tableau1[#Headers],0)) -> Baugrubenaushub maschinell. Inkl. Auflad auf Transportmittel oder seitlicher Lagerung. Offene Baugruben. Aushubtiefe bis m 5,00 | F13: 1500 | G13: =INDEX(Tableau1[#All],MATCH(BAP_PCO!C13,Tableau1[[#All],[Code]],0),MATCH(TEXT($P$3,0),Tableau1[#Headers],0)) -> m3 | H13: 6.64 | I13: 8.81 | J13: 6.37 | K13: 4.92 | L13: 5.74 | M13: 6.56 | N13: 5.33 | O13: 8.43
A14: 101238 | B14: <EPLONG_211.523.104> | C14: <Einheit_m3> | D14: '211.523.104 | E14: =INDEX(Tableau1[#All],MATCH(BAP_PCO!B14,Tableau1[[#All],[Code]],0),MATCH(TEXT($P$3,0),Tableau1[#Headers],0)) -> Primärmaterial: Kies, Geröll. Kiessand I | F14: 25 | G14: =INDEX(Tableau1[#All],MATCH(BAP_PCO!C14,Tableau1[[#All],[Code]],0),MATCH(TEXT($P$3,0),Tableau1[#Headers],0)) -> m3 | H14: 55.57 | I14: 59.67 | J14: 48.06 | K14: 50.11 | L14: 54.4 | M14: 66.75 | N14: 59.43 | O14: 45.5
A15: 101240 | B15: <EPLONG_211.651.111> | C15: <Einheit_m3> | D15: '211.651.111 | E15: =INDEX(Tableau1[#All],MATCH(BAP_PCO!B15,Tableau1[[#All],[Code]],0),MATCH(TEXT($P$3,0),Tableau1[#Headers],0)) -> Auffüllungen mit seitlich gelagertem oder zugeführtem Material. Maschinell. Volumen fest | F15: 700 | G15: =INDEX(Tableau1[#All],MATCH(BAP_PCO!C15,Tableau1[[#All],[Code]],0),MATCH(TEXT($P$3,0),Tableau1[#Headers],0)) -> m3 | H15: 12.61 | I15: 17.15 | J15: 11.04 | K15: 11.4 | L15: 10.99 | M15: 12.26 | N15: 9.67 | O15: 14.27
A16: 101235 | B16: <EPLONG_211.282.112> | C16: <Einheit_m3> | D16: '211.282.112 | E16: =INDEX(Tableau1[#All],MATCH(BAP_PCO!B16,Tableau1[[#All],[Code]],0),MATCH(TEXT($P$3,0),Tableau1[#Headers],0)) -> Fundationsschichten auf Planum, Schichtdicke m 0,26 bis 0,30 | F16: 25 | G16: =INDEX(Tableau1[#All],MATCH(BAP_PCO!C16,Tableau1[[#All],[Code]],0),MATCH(TEXT($P$3,0),Tableau1[#Headers],0)) -> m3 | H16: 14.65 | I16: 19.73 | J16: 12.56 | K16: 12.5 | L16: 11.9 | M16: 14.22 | N16: 13.15 | O16: 19.58
B18: <Branche_2> | D18: =INDEX(Tableau1[#All],MATCH(BAP_PCO!B18,Tableau1[[#All],[Code]],0),MATCH(TEXT($P$3,0),Tableau1[#Headers],0)) -> 2 Tiefbauarbeiten
A19: 101352 | B19: <EPLONG_221.411.222> | C19: <Einheit_m3> | D19: '221.411.132 | E19: =INDEX(Tableau1[#All],MATCH(BAP_PCO!B19,Tableau1[[#All],[Code]],0),MATCH(TEXT($P$3,0),Tableau1[#Headers],0)) -> Fundationsschichten einbauen. Ausmass: Volumen fest. Einbaubreite über m 3,0. Fertig eingebaute Schicht, d m 0,21 bis 0,40. | F19: 1350 | G19: =INDEX(Tableau1[#All],MATCH(BAP_PCO!C19,Tableau1[[#All],[Code]],0),MATCH(TEXT($P$3,0),Tableau1[#Headers],0)) -> m3 | H19: 11.3 | I19: 13.53 | J19: 11.25 | K19: 8.45 | L19: 11.41 | M19: 10.16 | N19: 12.47 | O19: 9.35
A20: 101353 | B20: <EPLONG_221.421.102> | C20: <Einheit_m2> | D20: '221.421.103 | E20: =INDEX(Tableau1[#All],MATCH(BAP_PCO!B20,Tableau1[[#All],[Code]],0),MATCH(TEXT($P$3,0),Tableau1[#Headers],0)) -> Rohplanie erstellen auf Fundationsschicht. Toleranz ab Sollhöhe + mm 0, - mm 50. Ohne Verwendung von Planiematerial. Rohplaniebreite über m 3,0. | F20: 3000 | G20: =INDEX(Tableau1[#All],MATCH(BAP_PCO!C20,Tableau1[[#All],[Code]],0),MATCH(TEXT($P$3,0),Tableau1[#Headers],0)) -> m2 | H20: 1.65 | I20: 2.18 | J20: 1.41 | K20: 1.37 | L20: 1.34 | M20: 1.46 | N20: 1.66 | O20: 2.49
A21: 101354 | B21: <EPLONG_221.423.122> | C21: <Einheit_m2> | D21: '221.423.123 | E21: =INDEX(Tableau1[#All],MATCH(BAP_PCO!B21,Tableau1[[#All],[Code]],0),MATCH(TEXT($P$3,0),Tableau1[#Headers],0)) -> Planie erstellen auf Fundationsschichten für Strassen mit Belag. Toleranz ab Sollhöhe +/- mm 10. Ohne Verwendung von Material. Planiebreite über m 3,0. | F21: 3000 | G21: =INDEX(Tableau1[#All],MATCH(BAP_PCO!C21,Tableau1[[#All],[Code]],0),MATCH(TEXT($P$3,0),Tableau1[#Headers],0)) -> m2 | H21: 5.6 | I21: 5.35 | J21: 4.84 | K21: 6.05 | L21: 6.98 | M21: 5.4 | N21: 5.26 | O21: 5.04
A22: 101383 | B22: <EPLONG_223.441.313> | C22: <Einheit_t> | D22: '223.441.313 | E22: =INDEX(Tableau1[#All],MATCH(BAP_PCO!B22,Tableau1[[#All],[Code]],0),MATCH(TEXT($P$3,0),Tableau1[#Headers],0)) -> Tragschichten AC T Typ N maschinell einbauen und verdichten. AC T 22 N. Ausmass: Masse. d mm 80. | F22: 620 | G22: =INDEX(Tableau1[#All],MATCH(BAP_PCO!C22,Tableau1[[#All],[Code]],0),MATCH(TEXT($P$3,0),Tableau1[#Headers],0)) -> t | H22: 164.4 | I22: 167.79 | J22: 144.52 | K22: 150.03 | L22: 166.26 | M22: 179.1 | N22: 170.35 | O22: 204.17
A23: 101384 | B23: <EPLONG_223.442.212> | C23: <Einheit_t> | D23: '223.442.212 | E23: =INDEX(Tableau1[#All],MATCH(BAP_PCO!B23,Tableau1[[#All],[Code]],0),MATCH(TEXT($P$3,0),Tableau1[#Headers],0)) -> Deckschichten AC Typ N maschinell einbauen und verdichten. AC 11 N. Ausmass: Masse. d mm 40. | F23: 310 | G23: =INDEX(Tableau1[#All],MATCH(BAP_PCO!C23,Tableau1[[#All],[Code]],0),MATCH(TEXT($P$3,0),Tableau1[#Headers],0)) -> t | H23: 205.48 | I23: 194.82 | J23: 173.6 | K23: 188.36 | L23: 231.56 | M23: 230.34 | N23: 217.21 | O23: 237.99
A24: 101501 | B24: <EPLONG_237.231.101> | C24: <Einheit_m3> | D24: '237.231.101 | E24: =INDEX(Tableau1[#All],MATCH(BAP_PCO!B24,Tableau1[[#All],[Code]],0),MATCH(TEXT($P$3,0),Tableau1[#Headers],0)) -> Aushub V-Gräben oder -Gruben. Normal baggerbares Material. Maschinell. t bis m 1,50. | F24: 180 | G24: =INDEX(Tableau1[#All],MATCH(BAP_PCO!C24,Tableau1[[#All],[Code]],0),MATCH(TEXT($P$3,0),Tableau1[#Headers],0)) -> m3 | H24: 20.41 | I24: 23.78 | J24: 16.25 | K24: 19.97 | L24: 22.58 | M24: 19.03 | N24: 20.24 | O24: 19.82
A25: 101505 | B25: <EPLONG_237.451.112> | C25: <Einheit_m> | D25: '237.451.112 | E25: =INDEX(Tableau1[#All],MATCH(BAP_PCO!B25,Tableau1[[#All],[Code]],0),MATCH(TEXT($P$3,0),Tableau1[#Headers],0)) -> Polyethylenrohre PE-R liefern und verlegen.. PE-R mit STM, elastisch dichten. Nenn-Ringsteifigkeit SN 2, Rohrreihe S 16. DN/OD 160 | F25: 210 | G25: =INDEX(Tableau1[#All],MATCH(BAP_PCO!C25,Tableau1[[#All],[Code]],0),MATCH(TEXT($P$3,0),Tableau1[#Headers],0)) -> m | H25: 22.52 | I25: 22.61 | J25: 20.93 | K25: 21.23 | L25: 26.94 | M25: 20.11 | N25: 24.57 | O25: 19.08
A26: 101509 | B26: <EPLONG_237.611.123> | C26: <Einheit_Stk> | D26: '237.611.123 | E26: =INDEX(Tableau1[#All],MATCH(BAP_PCO!B26,Tableau1[[#All],[Code]],0),MATCH(TEXT($P$3,0),Tableau1[#Headers],0)) -> Kontrollschächte KS aus Betonfertigteilen liefern und erstellen. DN 800 mit Konus DN 800/600. Festigkeitsklasse 60. Schachttiefe m 1,01 bis 1,50 inkl. Durchlaufrinne und Schachtdeckel Guss 15 t Radlast | F26: 4 | G26: =INDEX(Tableau1[#All],MATCH(BAP_PCO!C26,Tableau1[[#All],[Code]],0),MATCH(TEXT($P$3,0),Tableau1[#Headers],0)) -> Stk | H26: 1952.36 | I26: 1848.13 | J26: 1787.45 | K26: 2380.75 | L26: 2257.56 | M26: 1836.35 | N26: 1860.64 | O26: 1438.03
A27: 101513 | B27: <EPLONG_237.821.201> | C27: <Einheit_m3> | D27: '237.821.201 | E27: =INDEX(Tableau1[#All],MATCH(BAP_PCO!B27,Tableau1[[#All],[Code]],0),MATCH(TEXT($P$3,0),Tableau1[#Headers],0)) -> Material für Rohrumhüllungen einbringen und verdichten. Materiallieferungen in U'abschnitt 810. Ausmass: Volumen fest. Feine Gesteinskörnung und rezyklierte Gesteinskörnungsgemische. | F27: 65 | G27: =INDEX(Tableau1[#All],MATCH(BAP_PCO!C27,Tableau1[[#All],[Code]],0),MATCH(TEXT($P$3,0),Tableau1[#Headers],0)) -> m3 | H27: 21.62 | I27: 23.11 | J27: 20.3 | K27: 19.77 | L27: 23.87 | M27: 21.16 | N27: 22.47 | O27: 16.82
A28: 101515 | B28: <EPLONG_237.851.212> | C28: <Einheit_m3> | D28: '237.851.212 | E28: =INDEX(Tableau1[#All],MATCH(BAP_PCO!B28,Tableau1[[#All],[Code]],0),MATCH(TEXT($P$3,0),Tableau1[#Headers],0)) -> Einfüllen, inkl. leichtes Verdichten von seitlich gelagertem oder zugeführtem Material. Ausmass: Volumen fest. Maschinell. Natürliche Gesteinskörnung. | F28: 80 | G28: =INDEX(Tableau1[#All],MATCH(BAP_PCO!C28,Tableau1[[#All],[Code]],0),MATCH(TEXT($P$3,0),Tableau1[#Headers],0)) -> m3 | H28: 17.36 | I28: 19.72 | J28: 15.86 | K28: 15.61 | L28: 17.95 | M28: 16.83 | N28: 18.67 | O28: 14.16
A29: 101540 | B29: <EPLONG_241.216.112> | C29: <Einheit_m2> | D29: '241.216.112 | E29: =INDEX(Tableau1[#All],MATCH(BAP_PCO!B29,Tableau1[[#All],[Code]],0),MATCH(TEXT($P$3,0),Tableau1[#Headers],0)) -> Schalungen für Bodenplatten. Typ 1. Konstante Höhe. Schalhöhe bis m 0,50 | F29: 30 | G29: =INDEX(Tableau1[#All],MATCH(BAP_PCO!C29,Tableau1[[#All],[Code]],0),MATCH(TEXT($P$3,0),Tableau1[#Headers],0)) -> m2 | H29: 62.58 | I29: 66.8 | J29: 68.51 | K29: 60.7 | L29: 58.96 | M29: 60.17 | N29: 57.77 | O29: 54.35
A30: 101541 | B30: <EPLONG_241.231.105> | C30: <Einheit_m2> | D30: '241.231.105 | E30: =INDEX(Tableau1[#All],MATCH(BAP_PCO!B30,Tableau1[[#All],[Code]],0),MATCH(TEXT($P$3,0),Tableau1[#Headers],0)) -> Schalungen für Wände und Stützmauern, vertikal. Doppelhäuptig. Typ 2. Schalhöhe m 4,51 bis 5,00 | F30: 600 | G30: =INDEX(Tableau1[#All],MATCH(BAP_PCO!C30,Tableau1[[#All],[Code]],0),MATCH(TEXT($P$3,0),Tableau1[#Headers],0)) -> m2 | H30: 61.37 | I30: 65.29 | J30: 66.96 | K30: 62.27 | L30: 61.34 | M30: 52.31 | N30: 53.54 | O30: 61.37
... A38: 101537 | B38: <EPLONG_241.671.132> | C38: <Einheit_m3> | D38: '241.671.132 | E38: =INDEX(Tableau1[#All],MATCH(BAP_PCO!B38,Tableau1[[#All],[Code]],0),MATCH(TEXT($P$3,0),Tableau1[#Headers],0)) -> Beton für gerade Ueberzüge und Brüstungen, liefern, einbauen und verdichten. Ueberzugs- und Brüstungshöhe m 0,51 bis 1,50. Beton Typ NPK A. d m 0,21 bis 0,25. | F38: 10 | G38: =INDEX(Tableau1[#All],MATCH(BAP_PCO!C38,Tableau1[[#All],[Code]],0),MATCH(TEXT($P$3,0),Tableau1[#Headers],0)) -> m3 | H38: 321.46 | I38: 348.98 | J38: 357.48 | K38: 311.58 | L38: 275.2 | M38: 302.54 | N38: 307.16 | O38: 324.43
B40: <Branche_3> | D40: =INDEX(Tableau1[#All],MATCH(BAP_PCO!B40,Tableau1[[#All],[Code]],0),MATCH(TEXT($P$3,0),Tableau1[#Headers],0)) -> 3 Maurer- und Stahlbetonarbeiten
A41: 101518 | B41: <EPLONG_237.231.101.m> | C41: <Einheit_m3> | D41: '237.231.101.m | E41: =INDEX(Tableau1[#All],MATCH(BAP_PCO!B41,Tableau1[[#All],[Code]],0),MATCH(TEXT($P$3,0),Tableau1[#Headers],0)) -> Aushub V-Gräben oder -Gruben. Normal baggerbares Material. Maschinell. t bis m 1,50. | F41: 150 | G41: =INDEX(Tableau1[#All],MATCH(BAP_PCO!C41,Tableau1[[#All],[Code]],0),MATCH(TEXT($P$3,0),Tableau1[#Headers],0)) -> m3 | H41: 23.98 | I41: 27.72 | J41: 20.23 | K41: 24.86 | L41: 25.86 | M41: 22.45 | N41: 23.19 | O41: 19.38
A42: 101524 | B42: <EPLONG_237.472.101.m> | C42: <Einheit_m> | D42: '237.472.101.m | E42: =INDEX(Tableau1[#All],MATCH(BAP_PCO!B42,Tableau1[[#All],[Code]],0),MATCH(TEXT($P$3,0),Tableau1[#Headers],0)) -> Sickerrohre PVC-U-S liefern und verlegen. PVC-U-S mit STM. Nenn-Ringsteifigkeit SN 2, Rohrreihe SDR 51. DN/OD 125 | F42: 70 | G42: =INDEX(Tableau1[#All],MATCH(BAP_PCO!C42,Tableau1[[#All],[Code]],0),MATCH(TEXT($P$3,0),Tableau1[#Headers],0)) -> m | H42: 17.59 | I42: 19.1 | J42: 17.69 | K42: 17.31 | L42: 17.76 | M42: 15.75 | N42: 16.55 | O42: 17.89
A43: 101525 | B43: <EPLONG_237.611.123.m> | C43: <Einheit_Stk> | D43: '237.611.123.m | E43: =INDEX(Tableau1[#All],MATCH(BAP_PCO!B43,Tableau1[[#All],[Code]],0),MATCH(TEXT($P$3,0),Tableau1[#Headers],0)) -> Kontrollschächte KS aus Betonfertigteilen liefern und erstellen. DN 800 mit Konus DN 800/600. Festigkeitsklasse 60. Schachttiefe m 1,01 bis 1,50 inkl. Durchlaufrinne und Schachtdeckel Guss 15 t Radlast | F43: 5 | G43: =INDEX(Tableau1[#All],MATCH(BAP_PCO!C43,Tableau1[[#All],[Code]],0),MATCH(TEXT($P$3,0),Tableau1[#Headers],0)) -> Stk | H43: 1692.1 | I43: 1529.57 | J43: 1869.03 | K43: 1658.6 | L43: 1947.03 | M43: 1615.15 | N43: 1579.82 | O43: 1369.53
A44: 101529 | B44: <EPLONG_237.831.301.m> | C44: <Einheit_m3> | D44: '237.831.301.m | E44: =INDEX(Tableau1[#All],MATCH(BAP_PCO!B44,Tableau1[[#All],[Code]],0),MATCH(TEXT($P$3,0),Tableau1[#Headers],0)) -> Unterlags-, Sohlen- und Hüllbeton liefern, einbringen und verdichten. Ausmass: Volumen fest. Beton mit natürlicher Gesteinskörnung. CEM I 42,5 kg/m3 250. | F44: 45 | G44: =INDEX(Tableau1[#All],MATCH(BAP_PCO!C44,Tableau1[[#All],[Code]],0),MATCH(TEXT($P$3,0),Tableau1[#Headers],0)) -> m3 | H44: 209.82 | I44: 236.33 | J44: 239.2 | K44: 190.12 | L44: 173.24 | M44: 191.06 | N44: 202.28 | O44: 221.14
A45: 101522 | B45: <EPLONG_237.851.211.m> | C45: <Einheit_m3> | D45: '237.851.211.m | E45: =INDEX(Tableau1[#All],MATCH(BAP_PCO!B45,Tableau1[[#All],[Code]],0),MATCH(TEXT($P$3,0),Tableau1[#Headers],0)) -> Einfüllen, inkl. leichtes Verdichten von seitlich gelagertem oder zugeführtem Material. Ausmass: Volumen fest. Maschinell. Aushubmaterial. | F45: 255 | G45: =INDEX(Tableau1[#All],MATCH(BAP_PCO!C45,Tableau1[[#All],[Code]],0),MATCH(TEXT($P$3,0),Tableau1[#Headers],0)) -> m3 | H45: 19.33 | I45: 21.01 | J45: 18.58 | K45: 19.15 | L45: 21.18 | M45: 18.1 | N45: 17.9 | O45: 15.31
A46: 101559 | B46: <EPLONG_241.231.103> | C46: <Einheit_m2> | D46: '241.231.103 | E46: =INDEX(Tableau1[#All],MATCH(BAP_PCO!B46,Tableau1[[#All],[Code]],0),MATCH(TEXT($P$3,0),Tableau1[#Headers],0)) -> Schalungen für Wände und Stützmauern, vertikal. Doppelhäuptig. Typ 2. Schalhöhe m 2,51 bis 3,50 | F46: 820 | G46: =INDEX(Tableau1[#All],MATCH(BAP_PCO!C46,Tableau1[[#All],[Code]],0),MATCH(TEXT($P$3,0),Tableau1[#Headers],0)) -> m2 | H46: 36.31 | I46: 43.17 | J46: 38.48 | K46: 30.75 | L46: 31.16 | M46: 34 | N46: 31.41 | O46: 45.65
A47: 101561 | B47: <EPLONG_241.261.113> | C47: <Einheit_m2> | D47: '241.261.113 | E47: =INDEX(Tableau1[#All],MATCH(BAP_PCO!B47,Tableau1[[#All],[Code]],0),MATCH(TEXT($P$3,0),Tableau1[#Headers],0)) -> Schalungen für horizontale Deckenplatten-Untersichten. Typ 2. Plattendicke bis m 0,35 ohne Ueberhöhung. Spriesshöhe m 1,51 bis 3,50 | F47: 1100 | G47: =INDEX(Tableau1[#All],MATCH(BAP_PCO!C47,Tableau1[[#All],[Code]],0),MATCH(TEXT($P$3,0),Tableau1[#Headers],0)) -> m2 | H47: 36.93 | I47: 43.56 | J47: 38.7 | K47: 31.89 | L47: 32.25 | M47: 35.89 | N47: 32.56 | O47: 41.35
A48: 101566 | B48: <EPLONG_241.511.112.m.g> | C48: <Einheit_kg> | D48: '241.511.112.m.g | E48: =INDEX(Tableau1[#All],MATCH(BAP_PCO!B48,Tableau1[[#All],[Code]],0),MATCH(TEXT($P$3,0),Tableau1[#Headers],0)) -> Stabstähle. Stahl B500A, liefern und verlegen. Fixlängen (1). d mm 16 bis 22. | F48: 12000 | G48: =INDEX(Tableau1[#All],MATCH(BAP_PCO!C48,Tableau1[[#All],[Code]],0),MATCH(TEXT($P$3,0),Tableau1[#Headers],0)) -> kg | H48: 1.54 | I48: 1.67 | J48: 1.68 | K48: 1.34 | L48: 1.43 | M48: 1.52 | N48: 1.45 | O48: 1.5
A49: 101568 | B49: <EPLONG_241.521.111> | C49: <Einheit_kg> | D49: '241.521.111 | E49: =INDEX(Tableau1[#All],MATCH(BAP_PCO!B49,Tableau1[[#All],[Code]],0),MATCH(TEXT($P$3,0),Tableau1[#Headers],0)) -> Bewehrungsmatten. Stahl B500A, liefern und verlegen Lagermatten unverschnitten, für statische Verwendung. Alle Mattentypen. | F49: 21500 | G49: =INDEX(Tableau1[#All],MATCH(BAP_PCO!C49,Tableau1[[#All],[Code]],0),MATCH(TEXT($P$3,0),Tableau1[#Headers],0)) -> kg | H49: 2.08 | I49: 2.08 | J49: 2.32 | K49: 2.19 | L49: 1.99 | M49: 1.93 | N49: 2.06 | O49: 1.72
A50: 101549 | B50: <EPLONG_241.613.112.m> | C50: <Einheit_m3> | D50: '241.613.112.m | E50: =INDEX(Tableau1[#All],MATCH(BAP_PCO!B50,Tableau1[[#All],[Code]],0),MATCH(TEXT($P$3,0),Tableau1[#Headers],0)) -> Beton für Bodenplatten mit konstanter Dicke, liefern, einbauen und verdichten. Oberfläche horizontal oder einseitig geneigt bis % 5,0. Beton Typ NPK A. Plattendicke m 0,21 bis 0,30 | F50: 66 | G50: =INDEX(Tableau1[#All],MATCH(BAP_PCO!C50,Tableau1[[#All],[Code]],0),MATCH(TEXT($P$3,0),Tableau1[#Headers],0)) -> m3 | H50: 206.83 | I50: 232.7 | J50: 222.59 | K50: 185.4 | L50: 172.76 | M50: 203.8 | N50: 195.64 | O50: 233.19
A51: 101550 | B51: <EPLONG_241.631.132.g> | C51: <Einheit_m3> | D51: '241.631.132.g | E51: =INDEX(Tableau1[#All],MATCH(BAP_PCO!B51,Tableau1[[#All],[Code]],0),MATCH(TEXT($P$3,0),Tableau1[#Headers],0)) -> Beton für Wände und Stützmauern ohne Anzug liefern, einbauen und verdichten. Wand- oder Mauerhöhe m 2,51 bis 3,50. Beton Typ NPK A. Wanddicke m 0,21 bis 0,25 | F51: 85 | G51: =INDEX(Tableau1[#All],MATCH(BAP_PCO!C51,Tableau1[[#All],[Code]],0),MATCH(TEXT($P$3,0),Tableau1[#Headers],0)) -> m3 | H51: 232.7 | I51: 256.67 | J51: 258.03 | K51: 209.36 | L51: 201.2 | M51: 218.81 | N51: 224.38 | O51: 250.78
A52: 101552 | B52: <EPLONG_241.661.112> | C52: <Einheit_m3> | D52: '241.661.112 | E52: =INDEX(Tableau1[#All],MATCH(BAP_PCO!B52,Tableau1[[#All],[Code]],0),MATCH(TEXT($P$3,0),Tableau1[#Headers],0)) -> Beton für Deckenplatten liefern, einbauen und verdichten. Beton Typ NPK A. Horizontal oder einseitig geneigt bis % 5,0. Plattendicke m 0,21 bis 0,30. | F52: 275 | G52: =INDEX(Tableau1[#All],MATCH(BAP_PCO!C52,Tableau1[[#All],[Code]],0),MATCH(TEXT($P$3,0),Tableau1[#Headers],0)) -> m3 | H52: 205.97 | I52: 235.3 | J52: 226.3 | K52: 179.59 | L52: 172.24 | M52: 199.14 | N52: 191.53 | O52: 227.67
... A55: 101826 | B55: <EPLONG_314.621.125> | C55: <Einheit_m2> | D55: '314.621.125 | E55: =INDEX(Tableau1[#All],MATCH(BAP_PCO!B55,Tableau1[[#All],[Code]],0),MATCH(TEXT($P$3,0),Tableau1[#Headers],0)) -> Dämmplatten an Mauerwerk befestigen. Mineralwollplatten. Steinwolle, deklarierter Wert der Wärmeleitfähigkeit lambda_D max. W/mK 0,034, Rohdichte ca. kg/m3 60. d mm 180. | F55: 580 | G55: =INDEX(Tableau1[#All],MATCH(BAP_PCO!C55,Tableau1[[#All],[Code]],0),MATCH(TEXT($P$3,0),Tableau1[#Headers],0)) -> m2 | H55: 64.61 | I55: 70.43 | J55: 66.85 | K55: 57.42 | L55: 66.58 | M55: 65.45 | N55: 61.38 | O55: 45.63
B57: <Branche_4> | D57: =INDEX(Tableau1[#All],MATCH(BAP_PCO!B57,Tableau1[[#All],[Code]],0),MATCH(TEXT($P$3,0),Tableau1[#Headers],0)) -> 4 Estriche
A58: 102326 | B58: <EPLONG_661.433.102> | C58: <Einheit_m2> | D58: '661.433.114 | E58: =INDEX(Tableau1[#All],MATCH(BAP_PCO!B58,Tableau1[[#All],[Code]],0),MATCH(TEXT($P$3,0),Tableau1[#Headers],0)) -> Trittschall-Dämmplatten aus expandiertem Polystyrol gewalkt EPS-T. Einlagig mit Randstreifen. Platten unbelegt, d mm 22/20 | F58: 900 | G58: =INDEX(Tableau1[#All],MATCH(BAP_PCO!C58,Tableau1[[#All],[Code]],0),MATCH(TEXT($P$3,0),Tableau1[#Headers],0)) -> m2 | H58: 6.82 | I58: 6.62 | J58: 6.1 | K58: 6.03 | L58: 6.73 | M58: 8.25 | N58: 6.73 | O58: 8.99
A59: 102329 | B59: <EPLONG_661.511.111> | C59: <Einheit_m2> | D59: '661.511.101 | E59: =INDEX(Tableau1[#All],MATCH(BAP_PCO!B59,Tableau1[[#All],[Code]],0),MATCH(TEXT($P$3,0),Tableau1[#Headers],0)) -> Trenn- und Gleitschichten aus Kunststofffolien verlegen und an Wänden mindestens bis OK fertiger Bodenbelag hochziehen. Bahnen min. mm 150 überlappen. Lose verlegen. Polyethylenfolien PE, d mm 0,2. | F59: 900 | G59: =INDEX(Tableau1[#All],MATCH(BAP_PCO!C59,Tableau1[[#All],[Code]],0),MATCH(TEXT($P$3,0),Tableau1[#Headers],0)) -> m2 | H59: 1.61 | I59: 1.84 | J59: 1.8 | K59: 1.39 | L59: 1.33 | M59: 1.68 | N59: 1.51 | O59: 1.4
A60: 102331 | B60: <EPLONG_661.611.113> | C60: <Einheit_m2> | D60: '661.611.113 | E60: =INDEX(Tableau1[#All],MATCH(BAP_PCO!B60,Tableau1[[#All],[Code]],0),MATCH(TEXT($P$3,0),Tableau1[#Headers],0)) -> Zementestriche CT. Beanspruchskategorie A, Festigkeitsklasse C20 - F4, auf Trennschicht. d mm 60 | F60: 900 | G60: =INDEX(Tableau1[#All],MATCH(BAP_PCO!C60,Tableau1[[#All],[Code]],0),MATCH(TEXT($P$3,0),Tableau1[#Headers],0)) -> m2 | H60: 22.69 | I60: 23.88 | J60: 25.49 | K60: 20.85 | L60: 20.5 | M60: 21.74 | N60: 22.23 | O60: 22.27
A61: 102335 | B61: <EPLONG_661.711.111> | C61: <Einheit_m2> | D61: '661.711.111 | E61: =INDEX(Tableau1[#All],MATCH(BAP_PCO!B61,Tableau1[[#All],[Code]],0),MATCH(TEXT($P$3,0),Tableau1[#Headers],0)) -> Zementestrich CT. Mit Bodenheizung. Beanspruchungskategorie A, Festigkeitsklasse C20 - F4, auf Dämmschicht. d mm 75 | F61: 900 | G61: =INDEX(Tableau1[#All],MATCH(BAP_PCO!C61,Tableau1[[#All],[Code]],0),MATCH(TEXT($P$3,0),Tableau1[#Headers],0)) -> m2 | H61: 24.76 | I61: 25.1 | J61: 27.43 | K61: 22.92 | L61: 22.82 | M61: 25.02 | N61: 24.44 | O61: 23.98
A62: 102337 | B62: <EPLONG_661.741.112> | C62: <Einheit_m2> | D62: '661.741.132 | E62: =INDEX(Tableau1[#All],MATCH(BAP_PCO!B62,Tableau1[[#All],[Code]],0),MATCH(TEXT($P$3,0),Tableau1[#Headers],0)) -> Variante: Calciumsulfat-Fliessestrich CAF. Beanspruchungskategorie A, Festigkeitsklasse C35 - F7, auf Dämmschicht. d mm 55 | F62: 900 | G62: =INDEX(Tableau1[#All],MATCH(BAP_PCO!C62,Tableau1[[#All],[Code]],0),MATCH(TEXT($P$3,0),Tableau1[#Headers],0)) -> m2 | H62: 29.48 | I62: 29.75 | J62: 27.16 | K62: 28.07 | L62: 28.73 | M62: 29.97 | N62: 30.11 | O62: 40.83
B64: <Branche_5> | D64: =INDEX(Tableau1[#All],MATCH(BAP_PCO!B64,Tableau1[[#All],[Code]],0),MATCH(TEXT($P$3,0),Tableau1[#Headers],0)) -> 5 Plattenarbeiten
A65: 102301 | B65: <EPLONG_645.211.181> | C65: <Einheit_m2> | D65: '645.211.181 | E65: =INDEX(Tableau1[#All],MATCH(BAP_PCO!B65,Tableau1[[#All],[Code]],0),MATCH(TEXT($P$3,0),Tableau1[#Headers],0)) -> Wandbeläge Gruppe A I. Keramikplatten stranggepresst, Wasseraufnahme E bis % 3. Farbton weiss, Abmessung mm 200x300, Einsatzort Küche. Nur verlegen. | F65: 30 | G65: =INDEX(Tableau1[#All],MATCH(BAP_PCO!C65,Tableau1[[#All],[Code]],0),MATCH(TEXT($P$3,0),Tableau1[#Headers],0)) -> m2 | H65: 57.72 | I65: 48.7 | J65: 62.61 | K65: 63.49 | L65: 57.9 | M65: 57.2 | N65: 60.83 | O65: 58.28
A66: 102302 | B66: <EPLONG_645.221.112> | C66: <Einheit_m2> | D66: '645.221.112 | E66: =INDEX(Tableau1[#All],MATCH(BAP_PCO!B66,Tableau1[[#All],[Code]],0),MATCH(TEXT($P$3,0),Tableau1[#Headers],0)) -> Wandbeläge Gruppe B I a. Keramikplatten trockengepresst, Wasseraufnahme E bis % 0,5. Farbton pastellfarben, Abmessung mm bis 200x300, Einsatzort Sanitärräume. Nur verlegen | F66: 400 | G66: =INDEX(Tableau1[#All],MATCH(BAP_PCO!C66,Tableau1[[#All],[Code]],0),MATCH(TEXT($P$3,0),Tableau1[#Headers],0)) -> m2 | H66: 54.16 | I66: 46.23 | J66: 56.53 | K66: 57.01 | L66: 55.91 | M66: 53.4 | N66: 58.33 | O66: 60.28
A67: 102297 | B67: <EPLONG_645.311.212> | C67: <Einheit_m2> | D67: '645.311.212 | E67: =INDEX(Tableau1[#All],MATCH(BAP_PCO!B67,Tableau1[[#All],[Code]],0),MATCH(TEXT($P$3,0),Tableau1[#Headers],0)) -> Bodenbeläge Gruppe A I. Keramikplatten stranggepresst, Wasseraufnahme E bis % 3. Unglasiert. Grösse bis mm 300x600. Einsatzort Wohnen. Nur verlegen. | F67: 500 | G67: =INDEX(Tableau1[#All],MATCH(BAP_PCO!C67,Tableau1[[#All],[Code]],0),MATCH(TEXT($P$3,0),Tableau1[#Headers],0)) -> m2 | H67: 51.7 | I67: 46.75 | J67: 52.85 | K67: 54.27 | L67: 53.37 | M67: 51.2 | N67: 55.63 | O67: 50.25
A68: 102298 | B68: <EPLONG_645.321.122> | C68: <Einheit_m2> | D68: '645.321.122 | E68: =INDEX(Tableau1[#All],MATCH(BAP_PCO!B68,Tableau1[[#All],[Code]],0),MATCH(TEXT($P$3,0),Tableau1[#Headers],0)) -> Bodenbeläge Gruppe B I a. Keramikplatten trockengepresst, Wasseraufnahme E bis % 0,5. Glasiert. Abmessung mm bis 300 x 300. Einsatzort Bad / Küche. Nur verlegen. | F68: 160 | G68: =INDEX(Tableau1[#All],MATCH(BAP_PCO!C68,Tableau1[[#All],[Code]],0),MATCH(TEXT($P$3,0),Tableau1[#Headers],0)) -> m2 | H68: 53.8 | I68: 46.51 | J68: 53.82 | K68: 56.12 | L68: 58.6 | M68: 55.6 | N68: 58.63 | O68: 48.69
B70: <Branche_6> | D70: =INDEX(Tableau1[#All],MATCH(BAP_PCO!B70,Tableau1[[#All],[Code]],0),MATCH(TEXT($P$3,0),Tableau1[#Headers],0)) -> 6 Gerüste
A71: 101030 | B71: <EPLONG_114.211.112> | C71: <Einheit_m2> | D71: '114.211.112 | E71: =INDEX(Tableau1[#All],MATCH(BAP_PCO!B71,Tableau1[[#All],[Code]],0),MATCH(TEXT($P$3,0),Tableau1[#Headers],0)) -> Fassadengerüste, Lastklasse 3. Einrichten. Abstellbasis fester, tragfähiger Boden. Gerüsthöhe von m 8,01 bis m 16,00 | F71: 1000 | G71: =INDEX(Tableau1[#All],MATCH(BAP_PCO!C71,Tableau1[[#All],[Code]],0),MATCH(TEXT($P$3,0),Tableau1[#Headers],0)) -> m2 | H71: 8.41 | I71: 9.83 | J71: 8.73 | K71: 7.97 | L71: 7.81 | M71: 7.53 | N71: 7.65 | O71: 8.02
A72: 101028 | B72: <EPLONG_114.221.112> | C72: <Einheit_m2> | D72: '114.221.112 | E72: =INDEX(Tableau1[#All],MATCH(BAP_PCO!B72,Tableau1[[#All],[Code]],0),MATCH(TEXT($P$3,0),Tableau1[#Headers],0)) -> Fassadengerüste, Lastklasse 4. Einrichten. Abstellbasis fester, tragfähiger Boden. Gerüsthöhe m 8,01 bis 16,00. | F72: 1500 | G72: =INDEX(Tableau1[#All],MATCH(BAP_PCO!C72,Tableau1[[#All],[Code]],0),MATCH(TEXT($P$3,0),Tableau1[#Headers],0)) -> m2 | H72: 10.89 | I72: 13.1 | J72: 11.32 | K72: 9.04 | L72: 9.86 | M72: 10.96 | N72: 9.79 | O72: 9.6
A73: 101031 | B73: <EPLONG_114.311.114> | C73: <Einheit_m2> | D73: '114.311.114 | E73: =INDEX(Tableau1[#All],MATCH(BAP_PCO!B73,Tableau1[[#All],[Code]],0),MATCH(TEXT($P$3,0),Tableau1[#Headers],0)) -> Spenglergänge für dynamische Beanspruchung. Einrichten. Unter Rinne oder Dachrand. Durchgangsbreite min. m 0,60. Abstand von Fassade bis Aussenkante Rinne oder Dachrand: m 0,91 bis 1,20. | F73: 80 | G73: =INDEX(Tableau1[#All],MATCH(BAP_PCO!C73,Tableau1[[#All],[Code]],0),MATCH(TEXT($P$3,0),Tableau1[#Headers],0)) -> m2 | H73: 25.64 | I73: 33.34 | J73: 23.52 | K73: 23.14 | L73: 23.04 | M73: 23.32 | N73: 24.95 | O73: 23.17
A74: 101032 | B74: <EPLONG_114.341.111> | C74: <Einheit_m2> | D74: '114.341.111 | E74: =INDEX(Tableau1[#All],MATCH(BAP_PCO!B74,Tableau1[[#All],[Code]],0),MATCH(TEXT($P$3,0),Tableau1[#Headers],0)) -> Gerüstbekleidungen. Einrichten. Ohne besondere Anforderungen. Aus Gerüstschutznetzen. | F74: 1000 | G74: =INDEX(Tableau1[#All],MATCH(BAP_PCO!C74,Tableau1[[#All],[Code]],0),MATCH(TEXT($P$3,0),Tableau1[#Headers],0)) -> m2 | H74: 3.37 | I74: 3.35 | J74: 3.14 | K74: 2.96 | L74: 3.3 | M74: 3.9 | N74: 3.4 | O74: 4.18
B76: <Branche_9> | D76: =INDEX(Tableau1[#All],MATCH(BAP_PCO!B76,Tableau1[[#All],[Code]],0),MATCH(TEXT($P$3,0),Tableau1[#Headers],0)) -> 9 Metallbauarbeiten
A77: 102277 | B77: <EPLONG_612.411.102> | C77: <Einheit_Stk> | D77: '612.411.102 | E77: =INDEX(Tableau1[#All],MATCH(BAP_PCO!B77,Tableau1[[#All],[Code]],0),MATCH(TEXT($P$3,0),Tableau1[#Headers],0)) -> Gerade Treppen mit Wangen. Treppenlauf b mm 901 bis 1'000. Mit Befestigungsplatten. Wangen Breitflachstahl mm 250x10. Trittstufen: b mm 300; Gitterrost mm 30. Maschenweite mm 33x33. Anzahl Trittstufen 15. | F77: 1 | G77: =INDEX(Tableau1[#All],MATCH(BAP_PCO!C77,Tableau1[[#All],[Code]],0),MATCH(TEXT($P$3,0),Tableau1[#Headers],0)) -> Stk | H77: 5856.19 | I77: 6563.34 | J77: 5711.62 | K77: 5563.11 | L77: 5602.83 | M77: 6002 | N77: 4705.98 | O77: 6825.86
A78: 102278 | B78: <EPLONG_612.611.202> | C78: <Einheit_Stk> | D78: '612.611.202 | E78: =INDEX(Tableau1[#All],MATCH(BAP_PCO!B78,Tableau1[[#All],[Code]],0),MATCH(TEXT($P$3,0),Tableau1[#Headers],0)) -> Feste Stabgitter. Fenster oder Türen, nicht demontierbar. Zwischenräume unter mm 120. Vertik..Stäben und Traversen. Rahmen, Traversen Flachstahl mm 30x10. Stäbe Flachstahl mm 25x10. bxh mm 1400 x 1010. | F78: 49 | G78: =INDEX(Tableau1[#All],MATCH(BAP_PCO!C78,Tableau1[[#All],[Code]],0),MATCH(TEXT($P$3,0),Tableau1[#Headers],0)) -> Stk | H78: 810.96 | I78: 1022.41 | J78: 721.3 | K78: 716.6 | L78: 689.91 | M78: 906.6 | N78: 633.51 | O78: 972.08
A79: 102288 | B79: <EPLONG_622.431.001> | C79: <Einheit_Stk> | D79: '622.431.001 | E79: =INDEX(Tableau1[#All],MATCH(BAP_PCO!B79,Tableau1[[#All],[Code]],0),MATCH(TEXT($P$3,0),Tableau1[#Headers],0)) -> Innentüren aus Stahl. Feuerwiderstandsklasse EI 30. Rahmen- und Flügelprofile; Eckverbindungen luftdicht. Türflügel mit Falzleisten für Verglasung. Mit Glasfüllung Schwellenwinkel Stahl DMBxDMH mm 900 x 2'000 | F79: 1 | G79: =INDEX(Tableau1[#All],MATCH(BAP_PCO!C79,Tableau1[[#All],[Code]],0),MATCH(TEXT($P$3,0),Tableau1[#Headers],0)) -> Stk | H79: 4885.46 | I79: 5497.25 | J79: 4660.05 | K79: 4813.4 | L79: 4353.98 | M79: 4453.41 | N79: 5334.17 | O79: 5396.79
A80: 102289 | B80: <EPLONG_622.431.003> | C80: <Einheit_Stk> | D80: '622.431.003 | E80: =INDEX(Tableau1[#All],MATCH(BAP_PCO!B80,Tableau1[[#All],[Code]],0),MATCH(TEXT($P$3,0),Tableau1[#Headers],0)) -> Innentüren aus Stahl. Rahmen und Flügelprofile; Eckverbindungen luftdicht. Türflügel mit Falzleisten für Verglasung oder Füllung. Mit Brandschutzglas EI 30 Schwellenwinkel aus Stahl DMBxDMH mm 900 x 2'000 | F80: 1 | G80: =INDEX(Tableau1[#All],MATCH(BAP_PCO!C80,Tableau1[[#All],[Code]],0),MATCH(TEXT($P$3,0),Tableau1[#Headers],0)) -> Stk | H80: 6604.86 | I80: 7446.42 | J80: 6114.13 | K80: 6530.96 | L80: 6180.66 | M80: 6313.6 | N80: 7529.83 | O80: 5417.93
B81: <EPLONG_al.371> | E81: =INDEX(Tableau1[#All],MATCH(BAP_PCO!B81,Tableau1[[#All],[Code]],0),MATCH(TEXT($P$3,0),Tableau1[#Headers],0)) -> Alufenster. Fenstertyp. IV-Fenster. Fenstersystem. Aluprofil gedämmt. Blendrahmen. Abmessungen. Rahmendicke mm 60, Rahmen b mm 70. Falzdichtungen. An Ecken umlaufend dicht. Glasart. 3-fach IV. U_g-Wert nach Norm SN EN 673 W/m2K 0,6. Glasverbund "warme Kante". Schalldämmass R_w dB 32. Oberflächenbehandlung. Pulverbeschichtung. Vorbehandlung durch Entfetten, Beizen und Chromatieren. Super-durable-Polyester. Montage. Anschlag innen. Abdichten mit Dichtungsband. Rahmenkanten verdeckt. Befestigung verdeckt. Hohlräume gestopft
A82: 102002 | B82: <EPLONG_al.371.211.102> | C82: <Einheit_Stk> | D82: 'al.371.211.102 | E82: =INDEX(Tableau1[#All],MATCH(BAP_PCO!B82,Tableau1[[#All],[Code]],0),MATCH(TEXT($P$3,0),Tableau1[#Headers],0)) -> Fenstertyp. IV-Fenster. Fenstersystem. Aluprofil gedämmt. Blendrahmen. Abmessungen. Rahmendicke mm 60, Rahmen b mm 70. Falzdichtungen. An Ecken umlaufend dicht. Glasart. 3-fach IV. U_g-Wert nach Norm SN EN 673 W/m2K 0,6. Glasverbund "warme Kante". Schalldämmass R_w dB 32. Oberflächenbehandlung. Pulverbeschichtung. Vorbehandlung durch Entfetten, Beizen und Chromatieren. Super-durable-Polyester. Montage. Anschlag innen. Abdichten mit Dichtungsband. Rahmenkanten verdeckt. Befestigung verdeckt. Hohlräume gestopft. Alufenster 1-flüglig festverglast mm 1'200 x 1'500 | F82: 3 | G82: =INDEX(Tableau1[#All],MATCH(BAP_PCO!C82,Tableau1[[#All],[Code]],0),MATCH(TEXT($P$3,0),Tableau1[#Headers],0)) -> Stk | H82: 1675.61 | I82: 1757.48 | J82: 1792.56 | K82: 1718.1 | L82: 1586.58 | M82: 1546.5 | N82: 1550.57 | O82: 1669.49
A83: 102003 | B83: <EPLONG_al.371.212.102> | C83: <Einheit_Stk> | D83: 'al.371.212.102 | E83: =INDEX(Tableau1[#All],MATCH(BAP_PCO!B83,Tableau1[[#All],[Code]],0),MATCH(TEXT($P$3,0),Tableau1[#Headers],0)) -> Variante: Alufenster 1-flüglig mm 600 x 1'250 | F83: 19 | G83: =INDEX(Tableau1[#All],MATCH(BAP_PCO!C83,Tableau1[[#All],[Code]],0),MATCH(TEXT($P$3,0),Tableau1[#Headers],0)) -> Stk | H83: 1760.48 | I83: 1796.87 | J83: 1754.9 | K83: 1851.37 | L83: 1443.8 | M83: 1818.83 | N83: 1948.95 | O83: 1930.3
A84: 102004 | B84: <EPLONG_al.371.213.102> | C84: <Einheit_Stk> | D84: 'al.371.213.102 | E84: =INDEX(Tableau1[#All],MATCH(BAP_PCO!B84,Tableau1[[#All],[Code]],0),MATCH(TEXT($P$3,0),Tableau1[#Headers],0)) -> Variante: Alufenster 2-flüglig mm 1'400 x 1'250 | F84: 20 | G84: =INDEX(Tableau1[#All],MATCH(BAP_PCO!C84,Tableau1[[#All],[Code]],0),MATCH(TEXT($P$3,0),Tableau1[#Headers],0)) -> Stk | H84: 2979.76 | I84: 2979.46 | J84: 2718.16 | K84: 3093.63 | L84: 2756.68 | M84: 3483.2 | N84: 2961.28 | O84: 3094.35
A85: 102005 | B85: <EPLONG_al.371.412.102> | C85: <Einheit_Stk> | D85: 'al.371.412.102 | E85: =INDEX(Tableau1[#All],MATCH(BAP_PCO!B85,Tableau1[[#All],[Code]],0),MATCH(TEXT($P$3,0),Tableau1[#Headers],0)) -> Variante: Alufenstertüre 2-flüglig mm 1'400 x 2'000 | F85: 49 | G85: =INDEX(Tableau1[#All],MATCH(BAP_PCO!C85,Tableau1[[#All],[Code]],0),MATCH(TEXT($P$3,0),Tableau1[#Headers],0)) -> Stk | H85: 3860.09 | I85: 4072.58 | J85: 3706.13 | K85: 3916.5 | L85: 3384.43 | M85: 4336.6 | N85: 3701.5 | O85: 3982.61
B87: <Branche_10> | D87: =INDEX(Tableau1[#All],MATCH(BAP_PCO!B87,Tableau1[[#All],[Code]],0),MATCH(TEXT($P$3,0),Tableau1[#Headers],0)) -> 10 Spenglerarbeiten
A88: 101908 | B88: <EPLONG_351.211.112> | C88: <Einheit_m> | D88: '351.211.112 | E88: =INDEX(Tableau1[#All],MATCH(BAP_PCO!B88,Tableau1[[#All],[Code]],0),MATCH(TEXT($P$3,0),Tableau1[#Headers],0)) -> Dachrinnen Halbrund vorgehängt. Standarddicke. Abwicklung mm 330. Werkstoff: CrNi Stahlblech | F88: 60 | G88: =INDEX(Tableau1[#All],MATCH(BAP_PCO!C88,Tableau1[[#All],[Code]],0),MATCH(TEXT($P$3,0),Tableau1[#Headers],0)) -> m | H88: 32.22 | I88: 33.82 | J88: 32.11 | K88: 32.16 | L88: 31.28 | M88: 34.85 | N88: 24.66 | O88: 36.75
A89: 101910 | B89: <EPLONG_351.211.312> | C89: <Einheit_Stk> | D89: '351.211.312 | E89: =INDEX(Tableau1[#All],MATCH(BAP_PCO!B89,Tableau1[[#All],[Code]],0),MATCH(TEXT($P$3,0),Tableau1[#Headers],0)) -> Rinnenhalter mit Schrauben befestigen. Flach oder profiliert. Zu Abwicklung mm 330. Werkstoff: CrNi Stahlblech | F89: 90 | G89: =INDEX(Tableau1[#All],MATCH(BAP_PCO!C89,Tableau1[[#All],[Code]],0),MATCH(TEXT($P$3,0),Tableau1[#Headers],0)) -> Stk | H89: 18.01 | I89: 19.94 | J89: 18.33 | K89: 18.7 | L89: 16.65 | M89: 19.73 | N89: 12.8 | O89: 16.73
A90: 101912 | B90: <EPLONG_351.251.112> | C90: <Einheit_m> | D90: '351.251.112 | E90: =INDEX(Tableau1[#All],MATCH(BAP_PCO!B90,Tableau1[[#All],[Code]],0),MATCH(TEXT($P$3,0),Tableau1[#Headers],0)) -> Ablaufrohre rund. Standarddicke. DN 100. Werkstoff: CrNi Stahlblech | F90: 60 | G90: =INDEX(Tableau1[#All],MATCH(BAP_PCO!C90,Tableau1[[#All],[Code]],0),MATCH(TEXT($P$3,0),Tableau1[#Headers],0)) -> m | H90: 32.21 | I90: 35.63 | J90: 32.55 | K90: 30.59 | L90: 30.23 | M90: 33.85 | N90: 24.32 | O90: 38
A91: 101914 | B91: <EPLONG_351.251.222> | C91: <Einheit_Stk> | D91: '351.251.222 | E91: =INDEX(Tableau1[#All],MATCH(BAP_PCO!B91,Tableau1[[#All],[Code]],0),MATCH(TEXT($P$3,0),Tableau1[#Headers],0)) -> Rohrschellen. Mit Schraube, l bis mm 120. DN 100. Werkstoff: CrNi Stahlblech | F91: 20 | G91: =INDEX(Tableau1[#All],MATCH(BAP_PCO!C91,Tableau1[[#All],[Code]],0),MATCH(TEXT($P$3,0),Tableau1[#Headers],0)) -> Stk | H91: 31.9 | I91: 37.63 | J91: 33.23 | K91: 32.97 | L91: 27.21 | M91: 31.63 | N91: 27.47 | O91: 24.34
A92: 101916 | B92: <EPLONG_351.311.113> | C92: <Einheit_m> | D92: '351.311.113 | E92: =INDEX(Tableau1[#All],MATCH(BAP_PCO!B92,Tableau1[[#All],[Code]],0),MATCH(TEXT($P$3,0),Tableau1[#Headers],0)) -> Einlaufbleche für geneigte Dächer. Standarddicke. Bis 3x abgekantet. Abwicklung mm 250. Werkstoff: CrNi Stahlblech | F92: 60 | G92: =INDEX(Tableau1[#All],MATCH(BAP_PCO!C92,Tableau1[[#All],[Code]],0),MATCH(TEXT($P$3,0),Tableau1[#Headers],0)) -> m | H92: 28.64 | I92: 29.85 | J92: 30.81 | K92: 30.68 | L92: 26.57 | M92: 29.78 | N92: 22.46 | O92: 25.9
A93: 101918 | B93: <EPLONG_351.381.113> | C93: <Einheit_Stk> | D93: '351.381.113 | E93: =INDEX(Tableau1[#All],MATCH(BAP_PCO!B93,Tableau1[[#All],[Code]],0),MATCH(TEXT($P$3,0),Tableau1[#Headers],0)) -> Einfassung rund. Dachneigung bis Grad 40. Hintere Höhe bis mm 300. Oberer Abschluss horizontal. Einteilig, d bis mm 300. Werkstoff: CrNi Stahlblech | F93: 6 | G93: =INDEX(Tableau1[#All],MATCH(BAP_PCO!C93,Tableau1[[#All],[Code]],0),MATCH(TEXT($P$3,0),Tableau1[#Headers],0)) -> Stk | H93: 188.37 | I93: 240.7 | J93: 192.15 | K93: 173.65 | L93: 168.11 | M93: 174.98 | N93: 154.53 | O93: 155.58
A94: 101920 | B94: <EPLONG_351.382.117> | C94: <Einheit_Stk> | D94: '351.382.117 | E94: =INDEX(Tableau1[#All],MATCH(BAP_PCO!B94,Tableau1[[#All],[Code]],0),MATCH(TEXT($P$3,0),Tableau1[#Headers],0)) -> Eckige Einfassungen auf geneigten Dächern. Dachneigung bis Grad 40, oberer Abschluss parallel zur Dachfläche. Seitliche Höhe bis mm 200. Umfang m 3.01 bis 3.50. Werkstoff: CrNi Stahlblech | F94: 2 | G94: =INDEX(Tableau1[#All],MATCH(BAP_PCO!C94,Tableau1[[#All],[Code]],0),MATCH(TEXT($P$3,0),Tableau1[#Headers],0)) -> Stk | H94: 458.52 | I94: 604.43 | J94: 463.47 | K94: 456.08 | L94: 384.17 | M94: 438.85 | N94: 338.82 | O94: 352.8
A95: 101922 | B95: <EPLONG_351.431.114> | C95: <Einheit_m> | D95: '351.431.114 | E95: =INDEX(Tableau1[#All],MATCH(BAP_PCO!B95,Tableau1[[#All],[Code]],0),MATCH(TEXT($P$3,0),Tableau1[#Headers],0)) -> Dachrandbleche mit Mauerabdeckung oder Kiesanschlag bei Flachdächern. Standarddicke. Bis 5x abgekantet, zugeschnitten. Abwicklung mm 500. | F95: 50 | G95: =INDEX(Tableau1[#All],MATCH(BAP_PCO!C95,Tableau1[[#All],[Code]],0),MATCH(TEXT($P$3,0),Tableau1[#Headers],0)) -> m | H95: 52.79 | I95: 55.06 | J95: 54.48 | K95: 53.52 | L95: 52.02 | M95: 57.89 | N95: 40.02 | O95: 48.27
A96: 101925 | B96: <EPLONG_351.451.123> | C96: <Einheit_Stk> | D96: '351.451.123 | E96: =INDEX(Tableau1[#All],MATCH(BAP_PCO!B96,Tableau1[[#All],[Code]],0),MATCH(TEXT($P$3,0),Tableau1[#Headers],0)) -> Dachwassereinläufe auf Flachdächern. Dachwassereinläufe, mit Rollring oder Lippendichtung dicht anschliessen. Dachwassereinlauf mit Trichter. Abgang vertikal. DN 100. | F96: 5 | G96: =INDEX(Tableau1[#All],MATCH(BAP_PCO!C96,Tableau1[[#All],[Code]],0),MATCH(TEXT($P$3,0),Tableau1[#Headers],0)) -> Stk | H96: 125.49 | I96: 172.95 | J96: 122.99 | K96: 104.75 | L96: 120.6 | M96: 104.36 | N96: 91.58 | O96: 123.73
A97: 101927 | B97: <EPLONG_351.471.124> | C97: <Einheit_m> | D97: '351.471.124 | E97: =INDEX(Tableau1[#All],MATCH(BAP_PCO!B97,Tableau1[[#All],[Code]],0),MATCH(TEXT($P$3,0),Tableau1[#Headers],0)) -> Deckstreifen bei Flachdächern. Standarddicke. Mit Dichtungsfalz, bis 6x abgekantet. Abwicklung mm 200. CrNi Stahlblech | F97: 50 | G97: =INDEX(Tableau1[#All],MATCH(BAP_PCO!C97,Tableau1[[#All],[Code]],0),MATCH(TEXT($P$3,0),Tableau1[#Headers],0)) -> m | H97: 44 | I97: 47.98 | J97: 45.25 | K97: 45.29 | L97: 41.02 | M97: 45.01 | N97: 36.36 | O97: 40.92
A98: 101931 | B98: <EPLONG_352.411.113> | C98: <Einheit_m2> | D98: '352.411.113 | E98: =INDEX(Tableau1[#All],MATCH(BAP_PCO!B98,Tableau1[[#All],[Code]],0),MATCH(TEXT($P$3,0),Tableau1[#Headers],0)) -> Blechbahnen mit Falzen. Geformte Blechbahnen auf Dach verlegen. Falzbild vertikal. Falzhöhe mm 25. Neigung Grad 3 bis 25. Achsmass mm 500. Werkstoff CrNi Stahlblech | F98: 30 | G98: =INDEX(Tableau1[#All],MATCH(BAP_PCO!C98,Tableau1[[#All],[Code]],0),MATCH(TEXT($P$3,0),Tableau1[#Headers],0)) -> m2 | H98: 111.19 | I98: 126.95 | J98: 106.01 | K98: 110.13 | L98: 111.58 | M98: 94.33 | N98: 83.15 | O98: 167.83
A99: 101934 | B99: <EPLONG_352.413.211> | C99: <Einheit_m> | D99: '352.413.211 | E99: =INDEX(Tableau1[#All],MATCH(BAP_PCO!B99,Tableau1[[#All],[Code]],0),MATCH(TEXT($P$3,0),Tableau1[#Headers],0)) -> Falze ausbilden und schliessen, inkl. Befestigen der Blechbahnen. Winkelstehfalze. Falzhöhe mm 25, gerade. Werkstoff: Kupferblech | F99: 60 | G99: =INDEX(Tableau1[#All],MATCH(BAP_PCO!C99,Tableau1[[#All],[Code]],0),MATCH(TEXT($P$3,0),Tableau1[#Headers],0)) -> m | H99: 18.86 | I99: 19.32 | J99: 19.43 | K99: 16.41 | L99: 19.51 | M99: 24.37 | N99: 10.82 | O99: 19.11
B101: <Branche_11> | D101: =INDEX(Tableau1[#All],MATCH(BAP_PCO!B101,Tableau1[[#All],[Code]],0),MATCH(TEXT($P$3,0),Tableau1[#Headers],0)) -> 11 Deckungen
A102: 101941 | B102: <EPLONG_363.421.111> | C102: <Einheit_m2> | D102: '363.421.111 | E102: =INDEX(Tableau1[#All],MATCH(BAP_PCO!B102,Tableau1[[#All],[Code]],0),MATCH(TEXT($P$3,0),Tableau1[#Headers],0)) -> Unterdachplatten schuppenförmig überlappt. Faserzementplatten. Auf Sparren verlegen. Mit Montageklammern. Flächenbezogene Masse der Platten ca. kg/m2 10,4. d mm 6 bis 7. | F102: 350 | G102: =INDEX(Tableau1[#All],MATCH(BAP_PCO!C102,Tableau1[[#All],[Code]],0),MATCH(TEXT($P$3,0),Tableau1[#Headers],0)) -> m2 | H102: 23.94 | I102: 23.63 | J102: 22.84 | K102: 25.98 | L102: 24.4 | M102: 22.4 | N102: 23.21 | O102: 28.75
A103: 101944 | B103: <EPLONG_363.431.111> | C103: <Einheit_m2> | D103: '363.431.111 | E103: =INDEX(Tableau1[#All],MATCH(BAP_PCO!B103,Tableau1[[#All],[Code]],0),MATCH(TEXT($P$3,0),Tableau1[#Headers],0)) -> Unterdächer aus Dichtungsbahnen, für erhöhte Beanspruchung. Kunststoff-Dichtungsbahnen, einschichtig. Auf Verlegeunterlage verlegen. Stösse überlappen und wasserdicht verkleben. Auf Verlegeunterlage. | F103: 350 | G103: =INDEX(Tableau1[#All],MATCH(BAP_PCO!C103,Tableau1[[#All],[Code]],0),MATCH(TEXT($P$3,0),Tableau1[#Headers],0)) -> m2 | H103: 19.09 | I103: 21.68 | J103: 16.07 | K103: 20.77 | L103: 19.32 | M103: 18.09 | N103: 18.75 | O103: 18.05
A104: 101945 | B104: <EPLONG_363.441.111> | C104: <Einheit_m2> | D104: '363.441.111 | E104: =INDEX(Tableau1[#All],MATCH(BAP_PCO!B104,Tableau1[[#All],[Code]],0),MATCH(TEXT($P$3,0),Tableau1[#Headers],0)) -> Konterlattungen Fichte/Tanne auf Holz nageln. Inkl. Abdichten der Nagellöcher. Lattenabstand mm 600 bis 700. Lattenquerschnitt. mm 45x50. | F104: 350 | G104: =INDEX(Tableau1[#All],MATCH(BAP_PCO!C104,Tableau1[[#All],[Code]],0),MATCH(TEXT($P$3,0),Tableau1[#Headers],0)) -> m2 | H104: 10.71 | I104: 13.11 | J104: 8.96 | K104: 9.25 | L104: 11.21 | M104: 10.72 | N104: 10.6 | O104: 9.05
A105: 101947 | B105: <EPLONG_363.512.113> | C105: <Einheit_m2> | D105: '363.512.113 | E105: =INDEX(Tableau1[#All],MATCH(BAP_PCO!B105,Tableau1[[#All],[Code]],0),MATCH(TEXT($P$3,0),Tableau1[#Headers],0)) -> Lattungen Fichte/Tanne für Ton-Falz- oder -Pfannenziegel. Auf Holz nageln. Für Flach-, Mulden-, Herz-, Glatt- oder Pfannenziegel. Lattenquerschnitt mm 24x48. Lattenabstand mm 341 bis 370. | F105: 350 | G105: =INDEX(Tableau1[#All],MATCH(BAP_PCO!C105,Tableau1[[#All],[Code]],0),MATCH(TEXT($P$3,0),Tableau1[#Headers],0)) -> m2 | H105: 9.47 | I105: 10.98 | J105: 8.89 | K105: 8.1 | L105: 9.62 | M105: 9.69 | N105: 8.68 | O105: 9.11
A106: 101948 | B106: <EPLONG_363.522.132> | C106: <Einheit_m2> | D106: '363.522.132 | E106: =INDEX(Tableau1[#All],MATCH(BAP_PCO!B106,Tableau1[[#All],[Code]],0),MATCH(TEXT($P$3,0),Tableau1[#Headers],0)) -> Ton-Falzziegel verlegen. Flach- oder Flach-Schiebeziegel in Linie verlegen. Lattenabstand mm 341 bis 370. Standardfarbton. | F106: 350 | G106: =INDEX(Tableau1[#All],MATCH(BAP_PCO!C106,Tableau1[[#All],[Code]],0),MATCH(TEXT($P$3,0),Tableau1[#Headers],0)) -> m2 | H106: 47.84 | I106: 49.17 | J106: 45.74 | K106: 44.9 | L106: 52.04 | M106: 47.99 | N106: 47.5 | O106: 43.65
A107: 101949 | B107: <EPLONG_363.562.112> | C107: <Einheit_m> | D107: '363.562.122 | E107: =INDEX(Tableau1[#All],MATCH(BAP_PCO!B107,Tableau1[[#All],[Code]],0),MATCH(TEXT($P$3,0),Tableau1[#Headers],0)) -> Ortausbildung mit Ortgangziegeln. Ton-Ortgangziegel liefern, verlegen und befestigen, als Mehrleistung. Zu Flachziegeln. Standardfarbton. | F107: 30 | G107: =INDEX(Tableau1[#All],MATCH(BAP_PCO!C107,Tableau1[[#All],[Code]],0),MATCH(TEXT($P$3,0),Tableau1[#Headers],0)) -> m | H107: 51.75 | I107: 50.32 | J107: 54.17 | K107: 48.81 | L107: 52.58 | M107: 53.65 | N107: 52.75 | O107: 45.85
A108: 101950 | B108: <EPLONG_363.572.132> | C108: <Einheit_m> | D108: '363.572.132 | E108: =INDEX(Tableau1[#All],MATCH(BAP_PCO!B108,Tableau1[[#All],[Code]],0),MATCH(TEXT($P$3,0),Tableau1[#Headers],0)) -> Ton-First- und -Gratziegel. Halbrunde Firstziegel. Mit verzinkten Firstklammern und verzinkten Nägeln oder verzinkten Schrauben befestigen. Ziegellänge mm 400 bis 450. Standardfarbton. | F108: 25 | G108: =INDEX(Tableau1[#All],MATCH(BAP_PCO!C108,Tableau1[[#All],[Code]],0),MATCH(TEXT($P$3,0),Tableau1[#Headers],0)) -> m | H108: 53.04 | I108: 52.17 | J108: 47.96 | K108: 50.65 | L108: 60.39 | M108: 53.72 | N108: 54.28 | O108: 53.26
A109: 101951 | B109: <EPLONG_363.611.114> | C109: <Einheit_m2> | D109: '363.611.114 | E109: =INDEX(Tableau1[#All],MATCH(BAP_PCO!B109,Tableau1[[#All],[Code]],0),MATCH(TEXT($P$3,0),Tableau1[#Headers],0)) -> Lattungen Fichte/Tanne für Faserzementschiefer. Auf Holz nageln. Für Rechteckschiefer. Doppeldeckung. Lattenquerschnitt mm 24x48. Lattenabstand bis mm 250. Lattenabstand mm 240. | F109: 350 | G109: =INDEX(Tableau1[#All],MATCH(BAP_PCO!C109,Tableau1[[#All],[Code]],0),MATCH(TEXT($P$3,0),Tableau1[#Headers],0)) -> m2 | H109: 13.7 | I109: 15.51 | J109: 12.85 | K109: 14.77 | L109: 12.7 | M109: 13.04 | N109: 13.16 | O109: 12.72
B111: <Branche_12> | D111: =INDEX(Tableau1[#All],MATCH(BAP_PCO!B111,Tableau1[[#All],[Code]],0),MATCH(TEXT($P$3,0),Tableau1[#Headers],0)) -> 12 Dichtungsbeläge
A112: 101962 | B112: <EPLONG_364.321.224> | C112: <Einheit_m2> | D112: '364.321.224 | E112: =INDEX(Tableau1[#All],MATCH(BAP_PCO!B112,Tableau1[[#All],[Code]],0),MATCH(TEXT($P$3,0),Tableau1[#Headers],0)) -> Wärmedämmung mit Platten aus expandiertem Polystyrol EPS. Zweischichtig, lose verlegen. Stösse versetzt. Lambda_D max. W/mK 0,036. Platten gefälzt, ohne Beschichtung, d über mm 160. d mm 240 (2x mm 120). | F112: 500 | G112: =INDEX(Tableau1[#All],MATCH(BAP_PCO!C112,Tableau1[[#All],[Code]],0),MATCH(TEXT($P$3,0),Tableau1[#Headers],0)) -> m2 | H112: 50.27 | I112: 53.92 | J112: 46.14 | K112: 45.66 | L112: 51.48 | M112: 55.71 | N112: 47.57 | O112: 48.05
A113: 101966 | B113: <EPLONG_364.421.114> | C113: <Einheit_m2> | D113: '364.421.114 | E113: =INDEX(Tableau1[#All],MATCH(BAP_PCO!B113,Tableau1[[#All],[Code]],0),MATCH(TEXT($P$3,0),Tableau1[#Headers],0)) -> Abdichtungen aus Polymerbitumen-Dichtungsbahnen verlegen. Einschichtig. Ueberlappungen mm 100. Vollflächig aufschweissen. E-P-5,0-af-WF. | F113: 500 | G113: =INDEX(Tableau1[#All],MATCH(BAP_PCO!C113,Tableau1[[#All],[Code]],0),MATCH(TEXT($P$3,0),Tableau1[#Headers],0)) -> m2 | H113: 18.32 | I113: 20.44 | J113: 15.71 | K113: 16.68 | L113: 18.78 | M113: 18.99 | N113: 19.03 | O113: 18.47
A114: 101967 | B114: <EPLONG_364.421.212> | C114: <Einheit_m2> | D114: '364.421.212 | E114: =INDEX(Tableau1[#All],MATCH(BAP_PCO!B114,Tableau1[[#All],[Code]],0),MATCH(TEXT($P$3,0),Tableau1[#Headers],0)) -> Abdichtungen aus Polymerbitumen-Dichtungsbahnen verlegen. Zweischichtig. Ueberlappungen mm 100. 1. Schicht lose verlegen. 2. Schicht vollflächig aufschweissen.1. Schicht E-G-3,0-tt, 2. Schicht E-P-4,0-tf-WF. | F114: 500 | G114: =INDEX(Tableau1[#All],MATCH(BAP_PCO!C114,Tableau1[[#All],[Code]],0),MATCH(TEXT($P$3,0),Tableau1[#Headers],0)) -> m2 | H114: 27.21 | I114: 28.8 | J114: 22.8 | K114: 27.33 | L114: 28.82 | M114: 27.74 | N114: 26.69 | O114: 31.29
A115: 101969 | B115: <EPLONG_364.531.112> | C115: <Einheit_m2> | D115: '364.531.112 | E115: =INDEX(Tableau1[#All],MATCH(BAP_PCO!B115,Tableau1[[#All],[Code]],0),MATCH(TEXT($P$3,0),Tableau1[#Headers],0)) -> Kunststoffabdichtungen für Flachdach mit Begrünung. Lose verlegen. Einschichtig. Ueberlappungen thermisch verschweissen. Thermoplastische Polyolefine TPO, glasvliesbewehrt. d mm 1,6. | F115: 500 | G115: =INDEX(Tableau1[#All],MATCH(BAP_PCO!C115,Tableau1[[#All],[Code]],0),MATCH(TEXT($P$3,0),Tableau1[#Headers],0)) -> m2 | H115: 25.65 | I115: 28.16 | J115: 22.34 | K115: 25.11 | L115: 24.07 | M115: 27.03 | N115: 26.07 | O115: 29.73
A116: 101971 | B116: <EPLONG_364.911.124> | C116: <Einheit_m2> | D116: '364.911.124 | E116: =INDEX(Tableau1[#All],MATCH(BAP_PCO!B116,Tableau1[[#All],[Code]],0),MATCH(TEXT($P$3,0),Tableau1[#Headers],0)) -> Zwischenschichten lose auf Abdichtung verlegen. Trennschicht. Ueberlappungen mm 100. Kunstfaservlies. Flächenbezogene Masse g/m2 400. | F116: 500 | G116: =INDEX(Tableau1[#All],MATCH(BAP_PCO!C116,Tableau1[[#All],[Code]],0),MATCH(TEXT($P$3,0),Tableau1[#Headers],0)) -> m2 | H116: 4.82 | I116: 5.62 | J116: 4.25 | K116: 5.24 | L116: 5.41 | M116: 4.07 | N116: 4.08 | O116: 4.06
A117: 101972 | B117: <EPLONG_364.912.111> | C117: <Einheit_m2> | D117: '364.912.111 | E117: =INDEX(Tableau1[#All],MATCH(BAP_PCO!B117,Tableau1[[#All],[Code]],0),MATCH(TEXT($P$3,0),Tableau1[#Headers],0)) -> Schutzbahnen. Lose auf Abdichtung verlegen. Schutzbahnen aus Kunststoff. Ueberlappungen mm 100, thermisch verschweissen. Kunststoff. d ca. mm 1,3. | F117: 500 | G117: =INDEX(Tableau1[#All],MATCH(BAP_PCO!C117,Tableau1[[#All],[Code]],0),MATCH(TEXT($P$3,0),Tableau1[#Headers],0)) -> m2 | H117: 14.08 | I117: 17.97 | J117: 12.09 | K117: 13.17 | L117: 13.25 | M117: 12.67 | N117: 13.52 | O117: 15.03
A118: 101973 | B118: <EPLONG_364.921.111> | C118: <Einheit_m2> | D118: '364.921.111 | E118: =INDEX(Tableau1[#All],MATCH(BAP_PCO!B118,Tableau1[[#All],[Code]],0),MATCH(TEXT($P$3,0),Tableau1[#Headers],0)) -> Beschwerungs- und Schutzschichten. Lose aufbringen. Rundkies gewaschen (Betonkies ungebrochen, gewaschen), Korngruppe 8/16. d mm 50. | F118: 500 | G118: =INDEX(Tableau1[#All],MATCH(BAP_PCO!C118,Tableau1[[#All],[Code]],0),MATCH(TEXT($P$3,0),Tableau1[#Headers],0)) -> m2 | H118: 12.52 | I118: 12.29 | J118: 11.54 | K118: 11.74 | L118: 14.29 | M118: 12.15 | N118: 12.7 | O118: 13.96
A119: 101974 | B119: <EPLONG_364.932.111> | C119: <Einheit_m2> | D119: '364.932.111 | E119: =INDEX(Tableau1[#All],MATCH(BAP_PCO!B119,Tableau1[[#All],[Code]],0),MATCH(TEXT($P$3,0),Tableau1[#Headers],0)) -> Variante: Gehbelag aus Betonplatten. Platten mm 30, unbewährt, gestossen. In Splitt, Rundkies oder auf Stelzlager verlegen. Oberfläche glatt, zementgrau. lxb mm 400 x 400 | F119: 100 | G119: =INDEX(Tableau1[#All],MATCH(BAP_PCO!C119,Tableau1[[#All],[Code]],0),MATCH(TEXT($P$3,0),Tableau1[#Headers],0)) -> m2 | H119: 78.24 | I119: 96.7 | J119: 68.01 | K119: 84.15 | L119: 70.19 | M119: 76.25 | N119: 64.48 | O119: 82.92
A120: 101975 | B120: <EPLONG_364.944.312> | C120: <Einheit_m2> | D120: '364.944.312 | E120: =INDEX(Tableau1[#All],MATCH(BAP_PCO!B120,Tableau1[[#All],[Code]],0),MATCH(TEXT($P$3,0),Tableau1[#Headers],0)) -> Variante: Vegetationsschichten. Mineralisches Substrat aus gebrochenem Blähschiefer. Lose aufbringen. Dicke verdichtet mm 90 | F120: 500 | G120: =INDEX(Tableau1[#All],MATCH(BAP_PCO!C120,Tableau1[[#All],[Code]],0),MATCH(TEXT($P$3,0),Tableau1[#Headers],0)) -> m2 | H120: 21.92 | I120: 25.92 | J120: 20.17 | K120: 18.43 | L120: 20.96 | M120: 18.4 | N120: 21.01 | O120: 35.26
A121: 101976 | B121: <EPLONG_364.948.212> | C121: <Einheit_m2> | D121: '364.948.212 | E121: =INDEX(Tableau1[#All],MATCH(BAP_PCO!B121,Tableau1[[#All],[Code]],0),MATCH(TEXT($P$3,0),Tableau1[#Headers],0)) -> Variante: Extensive Dachbegrünung. Nasssaat. Sedum und Kräuter. Saatgutklasse 1 | F121: 500 | G121: =INDEX(Tableau1[#All],MATCH(BAP_PCO!C121,Tableau1[[#All],[Code]],0),MATCH(TEXT($P$3,0),Tableau1[#Headers],0)) -> m2 | H121: 5.45 | I121: 6.58 | J121: 4.63 | K121: 4.14 | L121: 6.02 | M121: 5.28 | N121: 4.15 | O121: 8.21
B123: <Branche_13> | D123: =INDEX(Tableau1[#All],MATCH(BAP_PCO!B123,Tableau1[[#All],[Code]],0),MATCH(TEXT($P$3,0),Tableau1[#Headers],0)) -> 13 Gipserarbeiten
...
